PAAA
TEXAS BRONZE SOX @ BLOOMINGTON LONGNECKS
09/14/2038
 
TOP OF THE 1ST
Texas Bronze Sox batting - Pitching for Bloomington Longnecks : LHP Henry Ross
Pitching: LHP Henry Ross
Batting: RHB José García 0-0: Foul Ball, location: 2F
0-1: Called Strike
0-2: Fly out, F8 (Flyball, 8LD, EV 101.9 MPH)
Batting: RHB Riley Walker 0-0: Called Strike
0-1: DOUBLE (Line Drive, 3D, EV 101.2 MPH)
Batting: RHB Dejmi Dumervil 0-0: Ball
1-0: Foul Ball, location: 2F
1-1: SINGLE (Line Drive, 4MD, EV 96.2 MPH)
Riley Walker to third
Runner from 3rd tries for Home, SAFE, throw by CF to home
Dejmi Dumervil to second
Batting: RHB Jeff Reed 0-0: Ball
1-0: Ball
2-0: Ball
3-0: Called Strike
3-1: Foul Ball, location: 2F
3-2: Ground out 5-3 (Groundball, 5, EV 98.8 MPH)
Batting: LHB Donald Brown 0-0: SINGLE (Groundball, 4D, EV 93.8 MPH)
Dejmi Dumervil to third
Runner from 3rd tries for Home, SAFE, no throw by CF
Batting: RHB Breanainn Swartwood 0-0: Ball
Donald Brown steals 2nd base
1-0: Called Strike
1-1: Hit by Pitch
Batting: LHB Joe Karnowski 0-0: Ball
1-0: Called Strike
1-1: Ball
2-1: Foul Ball, location: 2F
2-2: Strikes out looking
Top of the 1st over - 2 runs, 3 hits, 0 errors, 2 left on base; Texas 2 - Bloomington 0
BOTTOM OF THE 1ST
Bloomington Longnecks batting - Pitching for Texas Bronze Sox : LHP Sergio Gallegos
Pitching: LHP Sergio Gallegos
Batting: RHB Cornell MacDonald 0-0: Fly out, F8 (Flyball, 8LM, EV 91.2 MPH)
Batting: RHB Brock Waxley 0-0: Ball
1-0: Fly out, F8 (Flyball, 78M, EV 93.8 MPH)
Batting: RHB Karl Wade 0-0: Ball
1-0: Ground out 6-3 (Groundball, 6M, EV 106.2 MPH)
Bottom of the 1st over - 0 runs, 0 hits, 0 errors, 0 left on base; Texas 2 - Bloomington 0
TOP OF THE 2ND
Texas Bronze Sox batting - Pitching for Bloomington Longnecks : LHP Henry Ross
Batting: LHB Santiago Miranda 0-0: Called Strike
0-1: Swinging Strike
0-2: Foul Ball, location: 2F
0-2: Strikes out swinging
Batting: RHB Mohamed Billard 0-0: Called Strike
0-1: Ball
1-1: Ball
2-1: Ball
3-1: Ground out 6-3 (Groundball, 6, EV 85.0 MPH)
Batting: RHB José García 0-0: Called Strike
0-1: Foul Ball, location: 2F
0-2: Ball
1-2: Foul Ball, location: 2F
1-2: Fly out, F9 (Flyball, 9, EV 83.8 MPH)
Top of the 2nd over - 0 runs, 0 hits, 0 errors, 0 left on base; Texas 2 - Bloomington 0
BOTTOM OF THE 2ND
Bloomington Longnecks batting - Pitching for Texas Bronze Sox : LHP Sergio Gallegos
Batting: RHB Alfonso Nazario 0-0: Swinging Strike
0-1: Ground out 6-3 (Groundball, 6MD, EV 96.2 MPH)
Batting: RHB Lev Migranov 0-0: Called Strike
0-1: Ball
1-1: Foul Ball, location: 2F
1-2: Foul Ball, location: 2F
1-2: Foul Ball, location: 2F
1-2: Foul Ball, location: 2F
1-2: SINGLE (Line Drive, 8RS, EV 93.8 MPH)
Batting: RHB Marcos Germán 0-0: Ball
1-0: Foul Ball, location: 2F
1-1: Called Strike
1-2: Foul Ball, location: 2F
1-2: Fly out, F8 (Line Drive, 8RD, EV 95.6 MPH)
Batting: RHB Gerald Snow 0-0: Called Strike
0-1: Ball
1-1: Ball
2-1: Swinging Strike
2-2: Foul Ball, location: 2F
2-2: Ball
3-2: Ground out 6-3 (Groundball, 6, EV 89.4 MPH)
Bottom of the 2nd over - 0 runs, 1 hit, 0 errors, 1 left on base; Texas 2 - Bloomington 0
TOP OF THE 3RD
Texas Bronze Sox batting - Pitching for Bloomington Longnecks : LHP Henry Ross
Batting: RHB Riley Walker 0-0: Called Strike
0-1: Ball
1-1: Called Strike
1-2: Fly out, F9 (Flyball, 9S, EV 83.8 MPH)
Batting: RHB Dejmi Dumervil 0-0: Ball
1-0: Swinging Strike
1-1: Ball
2-1: Ball
3-1: Ground out 5-3 (Groundball, 5, EV 87.5 MPH)
Batting: RHB Jeff Reed 0-0: Fly out, F8 (Flyball, 89D, EV 100.0 MPH)
Top of the 3rd over - 0 runs, 0 hits, 0 errors, 0 left on base; Texas 2 - Bloomington 0
BOTTOM OF THE 3RD
Bloomington Longnecks batting - Pitching for Texas Bronze Sox : LHP Sergio Gallegos
Batting: LHB Manuel Estrada 0-0: Ball
1-0: Called Strike
1-1: Ball
2-1: Ball
3-1: Base on Balls
Batting: RHB Manny Diéguez 0-0: Fly out, F6 (Popup, P, EV 80.0 MPH)
Batting: RHB Cornell MacDonald 0-0: Ball
1-0: Swinging Strike
1-1: Called Strike
1-2: Strikes out looking
Batting: RHB Brock Waxley 0-0: Called Strike
0-1: Foul Ball, location: 2F
0-2: Strikes out swinging
Bottom of the 3rd over - 0 runs, 0 hits, 0 errors, 1 left on base; Texas 2 - Bloomington 0
TOP OF THE 4TH
Texas Bronze Sox batting - Pitching for Bloomington Longnecks : LHP Henry Ross
Batting: LHB Donald Brown 0-0: Ground out 6-3 (Groundball, 6, EV 84.4 MPH)
Batting: RHB Breanainn Swartwood 0-0: Ball
1-0: Foul Ball, location: 2F
1-1: DOUBLE (Groundball, 5L, EV 109.4 MPH)
Batting: LHB Joe Karnowski 0-0: Ball
1-0: Swinging Strike
1-1: Ball
2-1: Ball
3-1: Base on Balls
Batting: LHB Santiago Miranda 0-0: Called Strike
0-1: Called Strike
0-2: Ball
1-2: Foul Ball, location: 2F
1-2: Ball
2-2: Foul Ball, location: 2F
2-2: Strikes out swinging
Batting: RHB Mohamed Billard 0-0: Fly out, F8 (Flyball, 8RS, EV 94.4 MPH)
Top of the 4th over - 0 runs, 1 hit, 0 errors, 2 left on base; Texas 2 - Bloomington 0
BOTTOM OF THE 4TH
Bloomington Longnecks batting - Pitching for Texas Bronze Sox : LHP Sergio Gallegos
Batting: RHB Karl Wade 0-0: Called Strike
0-1: Ball
1-1: Ball
2-1: Reached on error, E4 (Groundball, 4, EV 111.9 MPH)
Batting: RHB Alfonso Nazario 0-0: Ball
1-0: Fly out, F8 (Flyball, 8RM, EV 80.0 MPH)
Batting: RHB Lev Migranov 0-0: Called Strike
0-1: Foul Ball, location: 2F
0-2: Ball
1-2: Fielders Choice at 2nd, 3-6 (Groundball, 3, EV 85.0 MPH)
Batting: RHB Marcos Germán 0-0: Ball
1-0: Called Strike
1-1: Fielders Choice at 2nd, 5-4 (Groundball, 56, EV 86.9 MPH)
Bottom of the 4th over - 0 runs, 0 hits, 1 error, 1 left on base; Texas 2 - Bloomington 0
TOP OF THE 5TH
Texas Bronze Sox batting - Pitching for Bloomington Longnecks : LHP Henry Ross
Batting: RHB José García 0-0: Ball
1-0: SINGLE (Groundball, 4D, EV 103.1 MPH)
Batting: RHB Riley Walker 0-0: Ball
1-0: Ball
2-0: Ball
3-0: Base on Balls
José García to second
Batting: RHB Dejmi Dumervil 0-0: Ball
José García steals 3rd base
1-0: Ball
2-0: Ball
3-0: Base on Balls
Riley Walker to second
Batting: RHB Jeff Reed 0-0: Swinging Strike
0-1: Ball
1-1: DOUBLE (Flyball, 78D, EV 109.4 MPH)
José García scores
Riley Walker scores
Dejmi Dumervil to third
Batting: LHB Donald Brown 0-0: Ball
1-0: Swinging Strike
1-1: Fly out, F8 (Flyball, 8LM, EV 90.0 MPH)
Runner from 3rd tags up, OUT at HOME! 8-2
Jeff Reed to third
Batting: RHB Breanainn Swartwood 0-0: Intentional Walk
Batting: LHB Joe Karnowski 0-0: Foul Ball, location: 2F
0-1: Ground out 6-3 (Groundball, 6, EV 110.6 MPH)
Top of the 5th over - 2 runs, 2 hits, 0 errors, 2 left on base; Texas 4 - Bloomington 0
BOTTOM OF THE 5TH
Bloomington Longnecks batting - Pitching for Texas Bronze Sox : LHP Sergio Gallegos
Batting: RHB Gerald Snow 0-0: Ground out 6-3 (Groundball, 6, EV 83.1 MPH)
Batting: LHB Manuel Estrada 0-0: Ball
1-0: Fly out, F8 (Line Drive, 8RD, EV 105.0 MPH)
Batting: RHB Manny Diéguez 0-0: Ball
1-0: Ball
2-0: Ball
3-0: Called Strike
3-1: SINGLE (Groundball, 56D, EV 105.0 MPH)
Batting: RHB Cornell MacDonald 0-0: Ball
1-0: Ball
2-0: Swinging Strike
2-1: Swinging Strike
2-2: Ball
3-2: Strikes out swinging
Bottom of the 5th over - 0 runs, 1 hit, 0 errors, 1 left on base; Texas 4 - Bloomington 0
TOP OF THE 6TH
Texas Bronze Sox batting - Pitching for Bloomington Longnecks : LHP Henry Ross
Batting: LHB Santiago Miranda 0-0: Fly out, F3 (Line Drive, 3, EV 68.1 MPH)
Batting: RHB Mohamed Billard 0-0: Called Strike
0-1: Swinging Strike
0-2: Strikes out swinging
Batting: RHB José García 0-0: SINGLE (Line Drive, 4D, EV 98.8 MPH)
Batting: RHB Riley Walker 0-0: Called Strike
0-1: Ball
1-1: Ball
2-1: Swinging Strike
2-2: Fly out, F8 (Flyball, 78S, EV 78.1 MPH)
Top of the 6th over - 0 runs, 1 hit, 0 errors, 1 left on base; Texas 4 - Bloomington 0
BOTTOM OF THE 6TH
Bloomington Longnecks batting - Pitching for Texas Bronze Sox : LHP Sergio Gallegos
Batting: RHB Brock Waxley 0-0: Ground out 6-3 (Groundball, 6, EV 83.8 MPH)
Batting: RHB Karl Wade 0-0: Called Strike
0-1: Reached on error, E5 (Popup, 6S, EV 68.1 MPH)
Batting: RHB Alfonso Nazario 0-0: Ball
1-0: Grounds into double play, 5-4-3 (Groundball, 5, EV 100.0 MPH)
Bottom of the 6th over - 0 runs, 0 hits, 1 error, 0 left on base; Texas 4 - Bloomington 0
TOP OF THE 7TH
Texas Bronze Sox batting - Pitching for Bloomington Longnecks : LHP Henry Ross
Batting: RHB Dejmi Dumervil 0-0: Called Strike
0-1: Ball
1-1: Fly out, F5 (Line Drive, 5, EV 62.5 MPH)
Pitching: RHP Vicente Durango
Batting: RHB Jeff Reed 0-0: Foul Ball, location: 2F
0-1: Ball
1-1: Ball
2-1: SINGLE (Groundball, 6D, EV 108.8 MPH)
Batting: LHB Donald Brown 0-0: Foul Ball, location: 2F
0-1: Swinging Strike
0-2: Strikes out swinging
Batting: RHB Breanainn Swartwood 0-0: SINGLE (Line Drive, 34, EV 98.8 MPH)
Jeff Reed to second
Runner from 2nd tries for 3rd, SAFE, throw by RF made to third
Batting: LHB Joe Karnowski 0-0: Ball
1-0: Called Strike
1-1: Ground out 4-3 (Groundball, 4MD, EV 101.9 MPH)
Top of the 7th over - 0 runs, 2 hits, 0 errors, 2 left on base; Texas 4 - Bloomington 0
BOTTOM OF THE 7TH
Bloomington Longnecks batting - Pitching for Texas Bronze Sox : LHP Sergio Gallegos
Batting: RHB Lev Migranov 0-0: Ball
1-0: SINGLE (Groundball, 6MD, EV 95.6 MPH)
Batting: RHB Marcos Germán 0-0: Called Strike
0-1: Grounds into double play, 6-4-3 (Groundball, 6, EV 103.1 MPH)
Batting: RHB Gerald Snow 0-0: Called Strike
0-1: Called Strike
0-2: Strikes out looking
Bottom of the 7th over - 0 runs, 1 hit, 0 errors, 0 left on base; Texas 4 - Bloomington 0
TOP OF THE 8TH
Texas Bronze Sox batting - Pitching for Bloomington Longnecks : RHP Vicente Durango
Batting: LHB Santiago Miranda 0-0: Ball
1-0: Swinging Strike
1-1: SINGLE (Groundball, 34S, EV 83.1 MPH) (infield hit)
Batting: RHB Mohamed Billard 0-0: Ball
1-0: Called Strike
1-1: Foul Ball, location: 2F
1-2: Ball
2-2: DOUBLE (Flyball, 89D, EV 100.6 MPH)
Santiago Miranda to third
Pitching: LHP Gilberto Chávez
Batting: RHB José García 0-0: Swinging Strike
0-1: Ball
1-1: Ball
2-1: Ball
3-1: Base on Balls
Batting: RHB Riley Walker 0-0: Fielders Choice at 2nd, 5-4 (Groundball, 5S, EV 91.2 MPH)
Santiago Miranda scores
Mohamed Billard to third
Batting: RHB Dejmi Dumervil 0-0: Ball
1-0: Ball
2-0: Foul Ball, location: 2F
2-1: Foul Ball, location: 2F
2-2: Ball
3-2: Foul Ball, location: 2F
3-2: Base on Balls
Riley Walker to second
Batting: RHB Jeff Reed 0-0: Ball
1-0: Ball
2-0: Fly out, F3 (Popup, 34, EV 58.1 MPH)
Batting: LHB Donald Brown 0-0: Ball
1-0: DOUBLE (Line Drive, 9LS, EV 94.4 MPH)
Mohamed Billard scores
Riley Walker scores
Dejmi Dumervil to third
Runner from 3rd tries for Home, SAFE, throw by RF to home
Batting: RHB Breanainn Swartwood 0-0: Ball
1-0: Called Strike
1-1: Reached via error on a dropped throw from 2B, E3 (Groundball, 34, EV 87.5 MPH)
Donald Brown to third
Pinch Hitting: RHB Víctor Murguia 0-0: Ball
1-0: Ball
2-0: Called Strike
2-1: Foul Ball, location: 2F
2-2: Strikes out looking
Top of the 8th over - 4 runs, 3 hits, 1 error, 2 left on base; Texas 8 - Bloomington 0
BOTTOM OF THE 8TH
Bloomington Longnecks batting - Pitching for Texas Bronze Sox : LHP Sergio Gallegos
Now at 2B: Víctor Murguia
Batting: LHB Manuel Estrada 0-0: Ball
1-0: Foul Ball, location: 2F
1-1: SINGLE (Line Drive, 8LS, EV 102.5 MPH)
Batting: RHB Manny Diéguez 0-0: Swinging Strike
0-1: Ball
1-1: Fly out, F8 (Line Drive, 8LM, EV 97.5 MPH)
Batting: RHB Cornell MacDonald 0-0: Ball
1-0: Foul Ball, location: 2F
1-1: Called Strike
1-2: Fly out, F5 (Popup, 56S, EV 79.4 MPH)
Batting: RHB Brock Waxley 0-0: Hit by Pitch
Manuel Estrada to second
Batting: RHB Karl Wade 0-0: Ball
1-0: Called Strike
1-1: Fly out, F9 (Flyball, 8RS, EV 90.0 MPH)
Bottom of the 8th over - 0 runs, 1 hit, 0 errors, 2 left on base; Texas 8 - Bloomington 0
TOP OF THE 9TH
Texas Bronze Sox batting - Pitching for Bloomington Longnecks : LHP Gilberto Chávez
Batting: LHB Santiago Miranda 0-0: Ball
1-0: Ball
2-0: Foul Ball, location: 2F
2-1: Ball
3-1: Foul Ball, location: 2F
3-2: Base on Balls
Batting: RHB Mohamed Billard 0-0: Called Strike
0-1: Swinging Strike
0-2: Ball
1-2: Strikes out swinging
Batting: RHB José García 0-0: Ball
1-0: Ball
2-0: Ball
3-0: Called Strike
3-1: Grounds into double play, 6-4-3 (Groundball, 6, EV 86.9 MPH)
Top of the 9th over - 0 runs, 0 hits, 0 errors, 0 left on base; Texas 8 - Bloomington 0
BOTTOM OF THE 9TH
Bloomington Longnecks batting - Pitching for Texas Bronze Sox : LHP Sergio Gallegos
Batting: RHB Alfonso Nazario 0-0: Called Strike
0-1: Swinging Strike
0-2: Ball
1-2: Ball
2-2: Ball
3-2: Fly out, F7 (Flyball, 7, EV 90.6 MPH)
Batting: RHB Lev Migranov 0-0: SINGLE (Line Drive, 3D, EV 106.9 MPH)
Batting: RHB Marcos Germán 0-0: Fly out, F9 (Line Drive, 9, EV 88.1 MPH)
Batting: RHB Gerald Snow 0-0: Foul Ball, location: 2F
0-1: Ball
1-1: Swinging Strike
1-2: Ball
2-2: Ball
3-2: Ground out 6-3 (Groundball, 6, EV 81.9 MPH)
Bottom of the 9th over - 0 runs, 1 hit, 0 errors, 1 left on base; Texas 8 - Bloomington 0
Friday, April 17th, 2020 - OOTP Baseball 20.8 Build 74